 Dungeon Crawl Stone Soup version 0.30.0-29-ga12c61a403 (webtiles) character file.

Game seed: 5000305468599232163

16740 ChadusMaximus the Summoner (level 12, -7/87 HPs)
             Began as a Barachi Summoner on June 24, 2023.
             Was an Elder of Hepliaklqana.
             Mangled by a raiju (8 damage)
             ... on level 2 of the Abyss.
             The game lasted 00:24:48 (12475 turns).

ChadusMaximus the Summoner (Barachi Summoner)      Turns: 12475, Time: 00:24:49

Health: -7/87      AC:  7    Str: 11      XL:     12   Next: 40%
Magic:  13/24      EV: 25    Int: 20      God:    Hepliaklqana [****..]
Gold:   193        SH:  0    Dex: 11 (12) Spells: 17/27 levels left

rFire   . . .        B - +5 great sword
rCold   . . .        (shield currently unavailable)
rNeg    . . .        a - +0 robe
rPois   +            (no helmet)
rElec   .            F - +2 cloak {rPois}
rCorr   .            k - +0 pair of gloves
SInv    .            y - +0 pair of boots {Stlth+}
Will    .....        (no amulet)
Stlth   +++          c - +5 ring of evasion
HPRegen 0.00/turn    n - +5 ring of evasion
MPRegen 0.19/turn

%: no passive effects
@: about to teleport, sick, slow
A: reduced essence, amphibious, slowness 1, strong legs 1, +LOS
a: Hop, Renounce Religion, Recall Ancestor, Ancestor Identity, Transference,
Idealise


You were on level 2 of the Abyss.
You worshipped Hepliaklqana.
Hepliaklqana was greatly pleased with you.
You visited 2 branches of the dungeon, and saw 12 of its levels.
You visited the Abyss 1 time.
You also visited: Ossuary.

You collected 478 gold pieces.
You spent 285 gold pieces at shops.

Inventory:

Hand Weapons
 B - a +5 great sword (weapon)
 L - a +3 long sword of venom
Armour
 a - a +0 robe (worn)
 k - a +0 pair of gloves (worn)
 y - a +0 pair of boots of stealth (worn)
 F - a +2 cloak of poison resistance (worn)
 J - a +2 kite shield
Jewellery
 c - a +5 ring of evasion (left hand)
 f - a ring of poison resistance
 i - a ring of resist corrosion
 n - a +5 ring of evasion (right hand)
 G - a ring of willpower
Wands
 g - a wand of flame (30)
 q - a wand of paralysis (9)
 K - a wand of mindburst (6)
Scrolls
 d - 4 scrolls of fog
 j - a scroll of noise
 o - a scroll of vulnerability
 p - 2 scrolls of blinking
 w - 4 scrolls of immolation
 A - 2 scrolls of magic mapping
 E - a scroll of butterflies
 H - a scroll of amnesia
 I - a scroll of poison
Potions
 b - a potion of brilliance
 l - a potion of lignification
 m - 5 potions of resistance
 r - 2 potions of haste {unknown}
 s - 2 potions of curing
 t - 3 potions of might {unknown}
 u - 3 potions of mutation {unknown}
 v - 4 potions of degeneration {unknown}
 x - 3 potions of cancellation {unknown}
 z - 2 potions of ambrosia {unknown}
 C - a potion of berserk rage {unknown}
 D - 3 potions of attraction {unknown}


   Skills:
 + Level 9.8 Fighting
 + Level 9.7 Long Blades
 + Level 9.3 Dodging
 - Level 1.7 Stealth
 + Level 3.8 Shields
 - Level 8.3 Spellcasting
 - Level 14.0 Summonings


You had 17 spell levels left.
You knew the following spells:

 Your Spells              Type           Power      Damage    Failure   Level
a - Summon Small Mammal   Summ           100%       N/A       1%          1
b - Call Canine Familiar  Summ           59%        N/A       1%          3
c - Call Imp              Summ           100%       N/A       1%          2
d - Summon Lightning Spi  Summ/Air       36%        N/A       4%          4

Your spell library contained the following spells:

 Spells                   Type           Power      Damage    Failure   Level
 Summon Guardian Golem    Hex/Summ       36%        N/A       1%          3
 Magic Dart               Conj           32%        1d4       9%          1
 Shock                    Conj/Air       32%        1d5       9%          1
 Mephitic Cloud           Conj/Pois/Air  8%         N/A       26%         3
 Swiftness                Air            8%         N/A       26%         3
 Airstrike                Air            4%         2d(1-17)  63%         4


Dungeon Overview and Level Annotations

Branches:
Dungeon (11/15)            Temple (1/1) D:4            Lair (0/5) D:11
Ossuary (visited)
    Orc: D:9-12

Altars:
Ashenzari
Cheibriados
Dithmenos
Elyvilon
Fedhas
Gozag
Hepliaklqana
Kikubaaqudgha
Makhleb
Nemelex Xobeh
Okawaru
Qazlal
Ru
Sif Muna
Trog
Uskayaw
Vehumet
Wu Jian
Xom
Yredelemnul
Zin
The Shining One

Shops:
D:2 !   D:9 [   D:10 (


Innate Abilities, Weirdness & Mutations

Your life essence is reduced to manifest your ancestor. (-10% HP)
You are amphibious.
You cover ground slowly.
You can hop short distances.
You have an extended range of vision and can be seen from far away.


Message History

The raiju completely resists.
The raiju blinks!
The raiju bites your lightning spire! The raiju shocks your lightning spire.
Your lightning spire completely resists.
Your warg bites the ancient zyme.
The ancient zyme attacks as you move away!
The ancient zyme closely misses you. The ancient zyme completely misses you.
The raiju attacks as you move away! The raiju bites you! The raiju shocks you!
* * * LOW HITPOINT WARNING * * *
Your warg bites the ancient zyme!
A sky beast comes into view.
The raiju bites your lightning spire. The raiju shocks your lightning spire.
Your lightning spire completely resists.
The raiju bites your warg but does no damage.
The ancient zyme barely misses you. The ancient zyme misses you.
The raiju bursts into living lightning!
The living lightning hits you!
* * * LOW HITPOINT WARNING * * *
The raiju blinks!
The raiju barely misses your lightning spire.
You feel better.
Your warg bites the ancient zyme!
The ancient zyme misses you. The ancient zyme completely misses you.
The raiju bites your lightning spire but does no damage.
Unknown command.
The ancient zyme attacks as you move away!
The ancient zyme completely misses you. The ancient zyme hits you!
* * * LOW HITPOINT WARNING * * *
The raiju bites your lightning spire but does no damage.
The raiju bites something.
The raiju shocks something!
You feel better.
You feel ill. The raiju bites your lightning spire.
The raiju shocks your lightning spire.
Your lightning spire completely resists.
The large abomination hits you!
* * * LOW HITPOINT WARNING * * *
The raiju bites something.
The raiju shocks something.
You feel better. The ancient zyme hits you!
* * * LOW HITPOINT WARNING * * *
The ancient zyme misses you. The raiju bites you.
* * * LOW HITPOINT WARNING * * *
The raiju shocks you!
You die...

......... .... ##
#.....##.......
#.....##.....#
#.......h...#
###....#h..8# #.
##.........##
#.#..Yh.....## ## #
#....xX##..###. # . .
#....@.###...# ..# ..
#...h...## .......#
#.........#.#..... #
...#..........##.. .#
.....#....##..#.....##
....###.... ##...#...#
...# ##.#. #...##..# .
... ##### #### ... .#
## ## # #. # #.....


You could see an ancient zyme, a large abomination, 3 raiju, a sky beast and a
friendly warg (summoned, sick).

Vanquished Creatures
  Maurice (D:9)
  Prince Ribbit (D:5)
  A shadow (D:10)
  A steam dragon (D:8)
  2 water moccasins (D:7)
  A phantom (D:6)
  A scorpion (D:5)
  A howler monkey (D:11)
  A jelly (D:7)
  A hound (D:4)
  2 mummies (Ossuary)
  2 gnolls
  2 adders
  2 adder zombies (Ossuary)
  5 orcs
  4 ball pythons
  3 bats
  6 endoplasms
  4 giant cockroaches
  6 goblins
  3 hobgoblins (D:1)
  3 quokkas
  A frilled lizard (D:2)
  A hobgoblin zombie (Ossuary)
  4 kobolds
59 creatures vanquished.

Vanquished Creatures (collateral kills)
  2 boulder beetles
  2 two-headed ogres
  Urug (D:11)
  4 lindwurms (D:8)
  Pikel (D:5)
  An ugly thing (D:7)
  A manticore (D:11)
  An apocalypse crab (Abyss:2)
  A smoke demon (Abyss:2)
  Joseph (D:8)
  3 unseen horrors
  2 trolls
  A harpy zombie (Abyss:2)
  A hornet (D:9)
  2 wraiths
  2 shadows
  A vampire (D:11)
  8 yaks
  A steam dragon (D:8)
  2 wyverns (D:11)
  Grum (D:8)
  An acid dragon (D:7)
  A chaos spawn (Abyss:2)
  2 water moccasins
  4 orc warriors
  3 black bears
  4 ogres
  3 centaurs
  2 wolves (D:8)
  4 starcursed masses (Abyss:2)
  3 lemures (D:5)
  A gnoll sergeant (D:11)
  5 scorpions
  2 bullfrogs
  12 wights
  3 killer bees (D:8)
  A howler monkey (D:7)
  A crimson imp (D:5)
  A gnoll bouda (D:10)
  A jelly (D:6)
  A quasit (Abyss:2)
  A hound (D:7)
  6 orc priests
  An iron imp (Abyss:2)
  A sleepcap (D:5)
  Terence (D:2)
  4 orc wizards
  A nameless horror (D:8)
  A mummy (Ossuary)
  13 gnolls
  3 adders
  2 adder zombies (Ossuary)
  2 worms
  A dart slug (D:1)
  28 orcs
  3 ball pythons
  3 endoplasms
  A giant cockroach (D:4)
  6 goblins
  6 hobgoblins
  4 jackals (D:4)
  A frilled lizard (D:3)
  2 goblin zombies (Ossuary)
  3 hobgoblin zombies (Ossuary)
  6 kobolds
  6 kobold zombies (Ossuary)
  An orc zombie (Ossuary)
  A quokka zombie (Ossuary)
  2 rats
204 creatures vanquished.

Vanquished Creatures (others)
  10 knights
10 creatures vanquished.

Grand Total: 273 creatures vanquished

Notes
Turn   | Place    | Note
-------+----------+-------------------------------------------
     0 | D:1      | ChadusMaximus the Barachi Summoner began the quest for the
                  | Orb.
     0 | D:1      | Reached XP level 1. HP: 13/13 MP: 3/3
   106 | D:1      | Reached skill level 5 in Summonings
   246 | D:1      | Reached XP level 2. HP: 15/19 MP: 5/5
   585 | D:1      | Reached XP level 3. HP: 18/24 MP: 7/7
  1014 | D:1      | Found a faded altar of an unknown god.
  1158 | D:1      | Learned a level 3 spell: Call Canine Familiar
  1161 | D:1      | Learned a level 2 spell: Call Imp
  1290 | D:2      | Found a glowing golden altar of the Shining One.
  1297 | D:2      | Found Huyghien's Distillery.
  1435 | D:2      | Reached skill level 6 in Summonings
  1435 | D:2      | Reached XP level 4. HP: 17/30 MP: 1/8
  1969 | D:2      | Noticed Terence
  1997 | D:2      | Killed Terence
  2627 | D:3      | Reached XP level 5. HP: 35/35 MP: 3/10
  2744 | D:3      | Reached skill level 7 in Summonings
  2788 | D:3      | Noticed a black bear
  2805 | D:3      | Killed a black bear
  2806 | D:3      | Reached XP level 6. HP: 41/41 MP: 2/12
  3485 | D:4      | Reached skill level 8 in Summonings
  3523 | D:4      | Found a staircase to the Ecumenical Temple.
  3542 | Temple   | Entered the Ecumenical Temple
  3694 | Temple   | Became a worshipper of Hepliaklqana the Forgotten
  3838 | D:4      | Found a sand-covered staircase.
  3843 | Ossuary  | Entered an ossuary
  4189 | D:4      | Reached XP level 7. HP: 46/46 MP: 13/13
  4616 | D:5      | Entered Level 5 of the Dungeon
  4623 | D:5      | Learned a level 4 spell: Summon Lightning Spire
  4629 | D:5      | Reached skill level 9 in Summonings
  4635 | D:5      | Reached skill level 5 in Spellcasting
  4645 | D:5      | Noticed Pikel
  4658 | D:5      | Killed Pikel
  4659 | D:5      | Reached skill level 10 in Summonings
  4659 | D:5      | Reached XP level 8. HP: 22/52 MP: 2/16
  4836 | D:5      | Reached skill level 11 in Summonings
  4974 | D:5      | Reached * piety under Hepliaklqana
  5049 | D:5      | Noticed Prince Ribbit
  5061 | D:5      | Killed Prince Ribbit
  5062 | D:5      | Reached skill level 12 in Summonings
  5062 | D:5      | Reached XP level 9. HP: 37/51 MP: 11/19
  5353 | D:5      | Found a burning altar of Makhleb.
  5626 | D:6      | Found an iron altar of Okawaru.
  5958 | D:6      | Reached ** piety under Hepliaklqana
  5959 | D:6      | Remembered your ancestor Esmond as a knight
  6580 | D:7      | Noticed a red ugly thing
  6589 | D:7      | Killed a red ugly thing
  6590 | D:7      | Reached skill level 13 in Summonings
  6790 | D:7      | Reached skill level 14 in Summonings
  6790 | D:7      | Reached XP level 10. HP: 16/56 MP: 10/22
  7104 | D:7      | Reached skill level 1 in Fighting
  7104 | D:7      | Reached skill level 1 in Long Blades
  7456 | D:8      | Noticed Joseph
  7466 | D:8      | Killed Joseph
  7576 | D:8      | Noticed Grum
  7582 | D:8      | Killed Grum
  7782 | D:8      | You fall into a shaft and drop 3 floors!
  7802 | D:10     | Entered Level 10 of the Dungeon
  7856 | D:10     | Found Patov's Antique Weapon Emporium.
  7873 | D:10     | Noticed a boulder beetle
  8275 | D:10     | Reached skill level 5 in Dodging
  8346 | D:9      | Reached skill level 5 in Fighting
  8346 | D:9      | Reached skill level 5 in Long Blades
  8381 | D:9      | Noticed Maurice
  8754 | D:9      | Killed an unseen horror
  8874 | D:9      | Killed Maurice
  8875 | D:9      | Reached XP level 11. HP: 72/72 MP: 20/23
  8915 | D:9      | Found a shimmering blue altar of Sif Muna.
  8923 | D:9      | Found a hide-covered altar of Uskayaw.
  8937 | D:8      | Noticed a two-headed ogre
  8946 | D:8      | Killed a two-headed ogre
  8974 | D:8      | Noticed a lindwurm
  8980 | D:8      | Noticed a lindwurm
  8991 | D:8      | Noticed a lindwurm
  9002 | D:8      | Noticed a lindwurm
  9222 | D:8      | Reached *** piety under Hepliaklqana
  9414 | D:8      | Killed a lindwurm
  9450 | D:8      | Killed a lindwurm
  9664 | D:8      | Killed a lindwurm
  9679 | D:8      | Killed a lindwurm
 10132 | D:9      | Found Rodeabb's Antique Armour Boutique.
 10135 | D:9      | Bought a pair of glowing boots for 285 gold pieces
 10344 | D:9      | Found a stormy altar of Qazlal.
 10628 | D:10     | Killed a boulder beetle
 10850 | D:10     | Noticed a two-headed ogre
 10864 | D:10     | Killed a two-headed ogre
 11010 | D:11     | Noticed a centaur warrior
 11168 | D:11     | Found a staircase to the Lair.
 11257 | D:11     | Noticed a manticore
 11266 | D:11     | Killed a manticore
 11322 | D:11     | Reached skill level 1 in Shields
 11374 | D:11     | Reached XP level 12. HP: 79/85 MP: 20/24
 11475 | D:11     | Noticed Urug
 11497 | D:11     | Killed Urug
 11569 | D:11     | Noticed a boulder beetle
 11587 | D:11     | Killed a boulder beetle
 12046 | Abyss:2  | Cast into level 2 of the Abyss (a wizard)
 12151 | Abyss:2  | Found a corrupted altar of Lugonu.
 12153 | Abyss:2  | Found a corrupted altar of Lugonu.
 12160 | Abyss:2  | Found a corrupted altar of Lugonu.
 12160 | Abyss:2  | Found a corrupted altar of Lugonu.
 12161 | Abyss:2  | Noticed a thrashing horror
 12161 | Abyss:2  | Noticed a profane servitor
 12162 | Abyss:2  | Found a corrupted altar of Lugonu.
 12177 | Abyss:2  | Found a corrupted altar of Lugonu.
 12193 | Abyss:2  | Reached **** piety under Hepliaklqana
 12213 | Abyss:2  | Noticed a great orb of eyes
 12320 | Abyss:2  | Noticed a starcursed mass
 12352 | Abyss:2  | Killed a starcursed mass
 12472 | Abyss:2  | HP: 1/87 [ancient zyme (11)]
 12475 | Abyss:2  | Mangled by a raiju

Illustrated notes

Levels and vault maps discovered:
D:1:      scummos_arrival_forest, layout_loops_corners, basic_ecumenical_altar,
          st_stairs_10
D:2:      layout_basic, serial_rivers, chequers_serial_rivers_small_b,
          chequers_serial_rivers_micro_a, chequers_serial_rivers_marsh,
          chequers_serial_rivers_micro_e, chequers_serial_rivers_small_b,
          chequers_serial_rivers_micro_b, basic_altar, serial_shops, shop,
          minmay_strange_pillars, minmay_misc_feat_diagonals,
          minmay_misc_feat_plants, grunt_decor_clamped, uniq_terence
D:3:      layout_basic, grunt_ministairs_10, chequers_serial_rivers_micro_c
D:4:      layout_loops_cross, minmay_temple_entry_slanted, enter_ossuary_5,
          minmay_tree_intersection
D:5:      layout_cave_pools, makhleb_grotto_becter, kennysheep_small_spiral,
          uniq_prince_ribbit1, uniq_pikel
D:6:      layout_cave_pods, okawaru_altar_gauntlet_db, feat_on_display
D:7:      layout_cave_pools
D:8:      layout_rooms, minmay_lindwurm_lava, uniq_joseph, uniq_grum
D:9:      layout_cave_pools, kennysheep_mini, minitemple, serial_shops,
          nicolae_shop_real_fake_doors, uniq_maurice
D:10:     layout_rooms, serial_shops, shop, minmay_misc_feat_rugged
D:11:     nzn_winding_woodlands_medium [nzn_winding_woodlands_5x5_default,
          nzn_winding_woodlands_5x15_sidewinder,
          nzn_winding_woodlands_5x5_checkerboard,
          nzn_winding_woodlands_5x5_default, nzn_winding_woodlands_center_lodge,
          nzn_winding_woodlands_5x5_three,
          nzn_winding_woodlands_5x5_closed_star,
          nzn_winding_woodlands_5x15_longhouse,
          nzn_winding_woodlands_5x5_perimeter], layout_basic, laboratory,
          uniq_urug
Temple:   nicolae_temple_bog_church
Abyss:2:  base: D:1, base: D:9, minivault_26, minivault_1, minivault_26,
          minivault_26, minivault_20, due_exit_kobolds

Skill      XL: |  1  2  3  4  5  6  7  8  9 10 11 12 |
---------------+-------------------------------------+-----
Summonings     | 5 6 7 8 10 12 14 | 14.0
Spellcasting   | 3 4 5 6 8 |  8.3
Fighting       | 5 9 |  9.8
Long Blades    | 5 9 |  9.7
Dodging        | 6 8 9 |  9.3
Shields        | 1 3 |  3.8
Stealth        | |  1.7

Action                     |  1- 3 |  4- 6 |  7- 9 | 10-12 || total
---------------------------+-------+-------+-------+-------++-------
  Melee: Club              |    42 |       |       |       ||    42
         Unarmed           |     5 |       |       |       ||     5
         Short sword       |    70 |    21 |       |       ||    91
         Punch             |     1 |       |       |     1 ||     2
         Flail             |       |    28 |       |       ||    28
         Halberd           |       |    77 |    39 |       ||   116
         Long sword        |       |       |     8 |    46 ||    54
         Great sword       |       |       |       |    17 ||    17
   Cast: Summon Small Mamm |    15 |    13 |     6 |    17 ||    51
         Call Canine Famil |     2 |    13 |    13 |    41 ||    69
         Call Imp          |     1 |     9 |    10 |    32 ||    52
         Summon Lightning  |       |       |    16 |    62 ||    78
 Invoke: Ancestor Life: Kn |       |       |     1 |       ||     1
         Recall Ancestor   |       |       |       |     4 ||     4
Ability: Hop               |       |     1 |     2 |     2 ||     5
    Use: Potion            |     1 |     1 |       |     4 ||     6
         Scroll            |       |     8 |     3 |    13 ||    24
   Stab: Sleeping          |     1 |     6 |       |       ||     7
         Distracted        |       |     3 |     3 |     1 ||     7
 Armour: Robe              |    26 |    17 |     7 |    19 ||    69
  Dodge: Dodged            |    90 |   128 |    72 |   218 ||   508
